 Dungeon Crawl Stone Soup version 0.30-b1-2-g02819fbbbe (webtiles) character file.

Game seed: 10473132502375858591

643 Alarkh the Insei (level 7, 52/52 HPs)
             Began as a Demonspawn Delver on May 22, 2023.
             Was a Follower of Uskayaw.
             Got out of the dungeon alive.
             The game lasted 00:06:06 (3857 turns).

Alarkh the Insei (Demonspawn Delver)                Turns: 3857, Time: 00:06:07

Health: 52/52      AC: 10    Str: 16    XL:     7   Next: 26%
Magic:  7/7        EV: 11    Int: 22    God:    Uskayaw [*.....]
Gold:   255        SH:  0    Dex: 14    Spells: 6/6 levels left

rFire   . .          .
                       - Unarmed
rCold   . . .        (no shield)
rNeg    . . .        y - +2 ring mail of Yzil Wagh {rPois Int+4 Slay+5}
rPois   +            i - +0 hat of Winter {Regen+ Str-2 Int+4}
rElec   .            (no cloak)
rCorr   .            x - +0 pair of gloves
SInv    .            (no boots)
Will    .....        (no amulet)
Stlth   ++           k - +6 ring of strength
HPRegen 1.08/turn    (no ring)
MPRegen 0.10/turn

%: no passive effects
@: studying Stealth
A: thin metallic scales 1, foul stench 1, spiny 1, weakness stinger 1
a: Renounce Religion, Stomp


You escaped.
You worshipped Uskayaw.
Uskayaw was noncommittal.
You visited 2 branches of the dungeon, and saw 6 of its levels.

You collected 255 gold pieces.

Inventory:

Missiles
 g - 6 boomerangs (quivered)
 p - 5 poisoned darts
Armour
 a - a +0 leather armour
 i - the +0 hat of Winter (worn) {Regen+ Str-2 Int+4}
   (You acquired it on level 2 of the Dungeon)

   Str:       It affects your strength (-2).
   Int:       It affects your intelligence (+4).
   Regen:     It increases your rate of health regeneration.
 x - a +0 pair of gloves (worn)
 y - the +2 ring mail of Yzil Wagh (worn) {rPois Int+4 Slay+5}
   (You found it on level 4 of the Dungeon)

   Int:       It affects your intelligence (+4).
   Slay:      It affects your accuracy & damage with ranged weapons and melee
   (+5).
   rPois:     It protects you from poison.
Jewellery
 k - a +6 ring of strength (left hand)
Wands
 f - a wand of digging (3)
 v - a wand of roots (10)
 w - a wand of acid (4)
Scrolls
 b - a scroll of fog
 c - 2 scrolls of magic mapping
 d - a scroll of fear
 j - 2 scrolls of poison
 l - a scroll of amnesia {unknown}
 n - 3 scrolls of teleportation
 q - 4 scrolls of blinking
 r - a scroll of identify
 s - a scroll of silence {unknown}
 t - a scroll of vulnerability
 u - 2 scrolls of enchant armour
 z - a scroll of immolation {unknown}
 A - a scroll of summoning {unknown}
Potions
 e - a potion of haste
 h - a potion of magic
 m - a potion of lignification
 o - a potion of degeneration
 B - a potion of heal wounds
 C - a potion of resistance


   Skills:
 + Level 3.0 Fighting
 - Level 1.7 Dodging
 + Level 5.7 Stealth
 * Level 7.1 Unarmed Combat


You had 6 spell levels left.
You didn't know any spells.
Your spell library contained the following spells:

 Spells                   Type           Power      Damage    Failure   Level
 Apportation              Tloc           0%         N/A       32%         1
 Necrotise                Necr           0%         1d4       32%         1
 Summon Small Mammal      Summ           0%         N/A       32%         1
 Call Canine Familiar     Summ           0%         N/A       67%         3
 Portal Projectile        Hex/Tloc       0%         N/A       67%         3
 Leda's Liquefaction      Hex/Erth       0%         N/A       97%         4


Dungeon Overview and Level Annotations

Branches:
Dungeon (5/15)             Temple (1/1) D:5

Altars:
Fedhas
Gozag
Hepliaklqana
Kikubaaqudgha
Makhleb
Nemelex Xobeh
Qazlal
Ru
Uskayaw
Vehumet
Xom
Yredelemnul

Shops:
D:3 [


Innate Abilities, Weirdness & Mutations

You are partially covered in thin metallic scales. (AC +2)
You may rarely emit foul miasma when damaged in melee.
You are partially covered in sharp spines.
You have a small tail.


Message History

No target in view!
No target in view!
No target in view!
No target in view!
No target in view!
No target in view!
No target in view!
No target in view!
No target in view!
No target in view!
No target in view!
No target in view!
No target in view!
No target in view!
The adder hisses angrily.
You punch the adder!
Your tail-slap misses the adder.
The adder is severely wounded.
The adder is struck by your spines.
You kill the adder!
No target in view!
No target in view!
No target in view!
No target in view!
No target in view!
No target in view!
No target in view!
(D) Dungeon (T) Temple
Where to? (Enter - D:1, ? - help)
There is a stone staircase leading up, spattered with blood here.
You climb upwards.
There is a stone staircase leading down here.
Things that are here:
a +0 club; an orc skeleton
There is a stone staircase leading up here.
You climb upwards.
There is a stone staircase leading down here.
There is an open door here.
There is a staircase leading out of the dungeon here.
Are you sure you want to leave the Dungeon?
This will make you lose the game!
You have escaped!

..........'......................
#.........##.####.###############
##'#########.....................
##.# ####P######..#############.
##.# ##.......###..............#.
##.###.#######.##..............#.
##.##.##....P#.P##.............#.
##.#.##.###.##.###..#...######(#.
#..#.#..#P#.#.##@##.#...# #.#.
#.##.#.#....#.#..#..#...# #.#.
#.#P.#.#.#P#..#.##..#..(# #.#.
..##.#.#.###.##.#...#...# #.#.
...#.#.##...##.##...#...######.##
...#.##.#####.##.#...............
.#.##.##.....##.##############.##
.#..##.#######.## #.#
.#...##.......########## #.#


There were no monsters in sight!

Vanquished Creatures
  A black bear (D:5)
  An ogre (D:5)
  A phantom (D:4)
  2 hounds (D:5)
  2 orc priests
  An iguana (D:4)
  Ijyb (D:3)
  2 orc wizards (D:5)
  6 adders
  2 worms
  3 dart slugs
  17 orcs
  7 bats
  5 endoplasms
  13 goblins
  9 hobgoblins
  3 jackals (D:3)
  4 quokkas
  9 ball pythons
  5 frilled lizards
  5 kobolds
  7 rats
106 creatures vanquished.

Notes
Turn   | Place    | Note
-------+----------+-------------------------------------------
     0 | D:5      | Alarkh the Demonspawn Delver began the quest for the Orb.
     0 | D:5      | Reached XP level 1. HP: 18/18 MP: 1/1
    52 | D:5      | Noticed a scorpion
   158 | D:3      | Reached skill level 2 in Unarmed Combat
   230 | D:3      | Noticed an orc priest
   351 | D:2      | Gained mutation: You are partially covered in sharp spines.
                  | [demonic ancestry]
   351 | D:2      | Reached XP level 2. HP: 24/24 MP: 2/2
   736 | D:1      | Reached skill level 3 in Unarmed Combat
   935 | D:1      | Gained mutation: You are partially covered in thin metallic
                  | scales. (AC +2) [demonic ancestry]
   935 | D:1      | Reached XP level 3. HP: 26/29 MP: 3/3
  1649 | D:2      | Identified 2 scrolls of acquirement
  1649 | D:2      | Acquired a manual of Stealth
  1680 | D:2      | Reached XP level 4. HP: 34/35 MP: 4/4
  1734 | D:2      | Reached skill level 4 in Unarmed Combat
  2007 | D:2      | Acquired the +0 hat of Winter {Regen+ Str-2 Int+4}
  2154 | D:3      | Found a radiant altar of Vehumet.
  2170 | D:3      | Gained mutation: You have a small tail. [demonic ancestry]
  2170 | D:3      | Reached XP level 5. HP: 41/41 MP: 5/5
  2258 | D:3      | Reached skill level 5 in Stealth
  2260 | D:3      | Found Gohaer's Armour Boutique.
  2712 | D:3      | Noticed Ijyb
  2723 | D:3      | Killed Ijyb
  2791 | D:3      | Reached skill level 5 in Unarmed Combat
  2978 | D:4      | Noticed a phantom
  2990 | D:4      | Killed a phantom
  2991 | D:4      | Reached XP level 6. HP: 47/47 MP: 6/6
  3006 | D:4      | Identified the +2 ring mail of Yzil Wagh {rPois Int+4
                  | Slay+5}
  3386 | D:5      | Reached skill level 6 in Unarmed Combat
  3437 | D:5      | Found a staircase to the Ecumenical Temple.
  3510 | Temple   | Entered the Ecumenical Temple
  3530 | Temple   | Became a worshipper of Uskayaw the Reveller
  3607 | D:5      | Reached * piety under Uskayaw
  3614 | D:5      | Reached ** piety under Uskayaw
  3619 | D:5      | Reached *** piety under Uskayaw
  3621 | D:5      | Gained mutation: You may rarely emit foul miasma when
                  | damaged in melee. [demonic ancestry]
  3621 | D:5      | Reached XP level 7. HP: 37/52 MP: 7/7
  3622 | D:5      | Reached **** piety under Uskayaw
  3670 | D:5      | Reached skill level 7 in Unarmed Combat
  3857 | D:$      | Got out of the dungeon alive.

Illustrated notes

Levels and vault maps discovered:
D:1:      nagdon_arrival_double_spiral, layout_basic
D:2:      layout_rooms
D:3:      kennysheep_goblin_castle, layout_basic, mainiacjoe_overflow_alcove_1,
          serial_shops, nicolae_shop_competitors_out_of_business,
          nicolae_figureground_pulse
D:4:      layout_cave_pools, kennysheep_mini, lemuel_crystal_altar
D:5:      layout_gridville, minmay_temple_entry_statues_pillars
Temple:   hellmonk_temple_two_chambers

Skill      XL: |  1  2  3  4  5  6  7 |
---------------+----------------------+-----
Unarmed Combat | 2 3 4 5 6 7 |  7.1
Stealth        | 5 |  5.7
Fighting       | |  3.0
Dodging        | |  1.7

Action                     |  1- 3 |  4- 6 |  7- 9 || total
---------------------------+-------+-------+-------++-------
  Melee: Unarmed           |   100 |   128 |     6 ||   234
         Punch             |     3 |     4 |       ||     7
         Tailslap          |       |    14 |       ||    14
  Throw: Boomerang         |       |     4 |       ||     4
  Evoke: Wand              |       |     1 |       ||     1
    Use: Potion            |     1 |       |       ||     1
         Scroll            |     6 |     6 |       ||    12
   Stab: Sleeping          |     9 |     4 |       ||    13
 Armour: Leather armour    |    18 |    18 |       ||    36
         Ring mail         |       |    24 |     1 ||    25
  Dodge: Dodged            |    55 |    59 |       ||   114
